 Dungeon Crawl Stone Soup version 0.23.2-33-g5129a83184 (webtiles) character file.

Game seed: 1845234869964017748

113 Jabberih the Insei (level 4, -1/32 HPs)
             Began as a Merfolk Transmuter on July 17, 2019.
             Slain by a quokka (3 damage)
             ... on level 4 of the Dungeon.
             The game lasted 00:05:54 (3145 turns).

Jabberih the Insei (Merfolk Transmuter)             Turns: 3145, Time: 00:05:55

Health: -1/32      AC:  3    Str: 11    XL:     4   Next: 96%
Magic:  6/7        EV: 13    Int: 12    God:
Gold:   135        SH:  0    Dex: 14    Spells: 1/7 levels left

rFire    . . .     SeeInvis .     - Unarmed
rCold    . . .     Gourm    .   (no shield)
rNeg     . . .     Faith    .   b - +1 robe
rPois    .         Spirit   .   (no helmet)
rElec    .         Reflect  .   (no cloak)
rCorr    .         Harm     .   (no gloves)
MR       .....                  (no boots)
Stlth    +.........             (no amulet)
HPRegen  0.10/turn              (no ring)
MPRegen  0.10/turn              (no ring)

@: no status effects
A: change form in water, swift swim, stealthy swim
a: no special abilities


You were on level 4 of the Dungeon.
You were hungry.

You visited 1 branch of the dungeon, and saw 4 of its levels.

You collected 135 gold pieces.

Inventory:

Missiles
 a - 10 arrows
 c - 21 sling bullets
Armour
 b - a +1 robe (worn)
Scrolls
 g - a scroll of enchant armour
 h - 3 scrolls of identify
 l - a scroll of fog
Potions
 e - a potion of might
 f - a potion of mutation {unknown}
 i - a potion of heal wounds {unknown}
 k - 2 potions of haste {unknown}
 m - a potion of ambrosia {unknown}
 n - a potion of curing {unknown}
Comestibles
 d - 8 rations


   Skills:
 - Level 1.1 Fighting
 - Level 2.6 Dodging
 + Level 6.0 Unarmed Combat
 - Level 2.0 Spellcasting
 - Level 2.6 Transmutations


You had one spell level left.
You knew the following spells:

 Your Spells              Type           Power        Failure   Level  Hunger
a - Beastly Appendage     Tmut           #.....       9%          1    ##.....
b - Sticks to Snakes      Tmut           #.......     14%         2    ###....
c - Spider Form           Tmut/Pois      #.........   43%         3    ####...

Your spell library contained the following spells:

 Spells                   Type           Power        Failure   Level  Hunger
 Ice Form                 Ice/Tmut       #.......     83%         4    #####..
 Blade Hands              Tmut           #.........   94%         5    ######.


Dungeon Overview and Level Annotations

Branches:
Dungeon (4/15)
 Temple: D:4-7

Altars:
Kikubaaqudgha


Message History

Found a stone staircase leading down.
A giant cockroach comes into view.
Found a stone staircase leading up.
Found a stone staircase leading down.
The giant cockroach closely misses you.
Found a sedimented purple potion.
A quokka comes into view.
The giant cockroach closely misses you. The giant cockroach bites you.
* * * LOW HITPOINT WARNING * * *
The giant cockroach misses you.
An ooze comes into view.
An orc comes into view. It is wielding a +0 whip.
The ooze quivers.
The orc shouts!
An orc wizard comes into view. It is wielding a +0 dagger of venom.
The giant cockroach barely misses you.
There is a stone staircase leading up here.
The orc wizard shouts!
You hear a shout! x2
The giant cockroach barely misses you. The quokka bites you.
You die...

#############
##.....#.....## ....#
##........>....## ....#
#...............# ....#
#...............# ....#
#.....>.........# ....#
#.....S.........# ....#
#.....O.s@....J.o
....####.......sr.....o.
..................!...##
....######.$.........##
#.#.# #..###.#######
..#..# ...## #.#
...#..#... ..#
....#....# ####
.........


You could see a two-headed ogre, an orc wizard, an ooze, an adder, an orc, a
quokka and 2 giant cockroaches.

Vanquished Creatures
  3 adders
  An ooze (D:3)
  2 worms (D:3)
  A dart slug (D:1)
  3 leopard geckos
  An orc (D:3)
  A ball python (D:1)
  3 bats
  A giant cockroach (D:3)
  9 goblins
  8 hobgoblins
  10 jackals
  3 kobolds
  2 quokkas
  4 frilled lizards
  10 rats
62 creatures vanquished.

Vanquished Creatures (collateral kills)
  An adder (D:3)
  A kobold (D:2)
2 creatures vanquished.

Grand Total: 64 creatures vanquished

Notes
Turn   | Place    | Note
-------+----------+-------------------------------------------
     0 | D:1      | Jabberih the Merfolk Transmuter began the quest for the
                  | Orb.
     0 | D:1      | Reached XP level 1. HP: 15/15 MP: 3/3
   379 | D:1      | Reached XP level 2. HP: 20/21 MP: 3/5
   420 | D:1      | Reached skill level 4 in Unarmed Combat
   529 | D:1      | Learned a level 2 spell: Sticks to Snakes
   894 | D:1      | Reached XP level 3. HP: 26/26 MP: 6/6
  1407 | D:2      | Reached skill level 5 in Unarmed Combat
  1712 | D:2      | Reached XP level 4. HP: 30/32 MP: 7/7
  1932 | D:3      | Found an ancient bone altar of Kikubaaqudgha.
  2892 | D:3      | Reached skill level 6 in Unarmed Combat
  3115 | D:4      | Noticed a two-headed ogre
  3122 | D:3      | Learned a level 3 spell: Spider Form
  3125 | D:4      | HP: 1/32 [two-headed ogre/+0 giant club (22)]
  3145 | D:4      | Slain by a quokka

Skill      XL: |  1  2  3  4 |
---------------+-------------+-----
Unarmed Combat | 4 5 6 |  6.0
Fighting       | |  1.1
Dodging        | |  2.6
Spellcasting   | |  2.0
Transmutations | |  2.6

Action                   |  1- 3 |  4- 6 || total
-------------------------+-------+-------++-------
Melee: Unarmed           |   112 |    94 ||   206
       Headbutt          |     7 |     4 ||    11
       Punch             |     3 |     1 ||     4
 Cast: Beastly Appendage |     6 |     5 ||    11
       Sticks to Snakes  |     8 |     6 ||    14
       Spider Form       |       |     1 ||     1
  Use: Scroll            |       |     4 ||     4
 Stab: Sleeping          |     3 |       ||     3
  Eat: Chunk             |     3 |     5 ||     8
Armor: Robe              |    11 |    14 ||    25
Dodge: Dodged            |    64 |    60 ||   124
